 Dungeon Crawl Stone Soup version 0.27.0-1-g7a089689b8 (console) character file.

Game seed: 16213693126482226604

1370 om the Insei (level 8, -3/61 HPs)
             Began as a Gnoll Transmuter on Aug 11, 2021.
             Was an Initiate of Ashenzari.
             Slain by a water moccasin (9 damage)
             ... on level 6 of the Dungeon.
             The game lasted 00:10:24 (7164 turns).

om the Insei (Gnoll Transmuter)                     Turns: 7164, Time: 00:10:25

Health: -3/61      AC:  2    Str: 11    XL:     8   Next: 65%
Magic:  13/17      EV: 23    Int: 12    God:    Ashenzari [......]
Gold:   278        SH:  0    Dex: 19    Spells: 15/19 levels left

rFire    . . .     SeeInvis .     - Unarmed
rCold    . . .     Faith    .   (shield currently unavailable)
rNeg     . . .     Spirit   .   (armour currently unavailable)
rPois    x         Reflect  .   (helmet currently unavailable)
rElec    .         Harm     .   (cloak currently unavailable)
rCorr    +         Rampage  .   (gloves currently unavailable)
Will     .....                  (boots currently unavailable)
Stlth    +++.......             (no amulet)
HPRegen  0.20/turn              q - ring of resist corrosion
MPRegen  0.15/turn              (no ring)

@: spider-form (expiring)
A: venomous fangs, tiny, (fangs 1), strong nose, distributed training
a: End Transformation, Renounce Religion, Curse Item


You were on level 6 of the Dungeon.
You worshipped Ashenzari.
Ashenzari was noncommittal.
You were a venomous arachnid creature.
You visited 2 branches of the dungeon, and saw 7 of its levels.

You collected 278 gold pieces.

Inventory:

Hand Weapons
 c - a +2 dagger of protection (melded)
Armour
 p - +0 steam dragon scales (melded)
Magical Staves
 i - a staff of air
 j - a staff of earth
Jewellery
 q - a ring of resist corrosion (left front leg)
Scrolls
 k - a scroll of fear
 m - a scroll of blinking
 n - a scroll of silence
Potions
 b - a potion of heal wounds
 d - a potion of flight
 e - a potion of berserk rage
 f - 2 potions of invisibility
 g - a potion of haste
 l - a potion of magic
 o - a potion of brilliance


   Skills:
 + Level 4.3 Fighting
 + Level 3.4 Short Blades
 + Level 3.4 Long Blades
 + Level 3.4 Axes
 + Level 3.4 Maces & Flails
 + Level 3.4 Polearms
 + Level 3.4 Staves
 + Level 3.4 Slings
 + Level 3.4 Bows
 + Level 3.4 Crossbows
 + Level 3.4 Throwing
 + Level 3.4 Armour
 + Level 5.8 Dodging
 + Level 3.4 Stealth
 + Level 3.4 Shields
 + Level 7.4 Unarmed Combat
 + Level 6.1 Spellcasting
 + Level 2.8 Conjurations
 + Level 2.8 Hexes
 + Level 2.8 Summonings
 + Level 2.8 Necromancy
 + Level 2.8 Translocations
 + Level 4.8 Transmutations
 + Level 2.8 Fire Magic
 + Level 2.8 Ice Magic
 + Level 2.8 Air Magic
 + Level 2.8 Earth Magic
 + Level 2.8 Poison Magic
 + Level 3.8 Invocations
 + Level 3.4 Evocations


You had 15 spell levels left.
You knew the following spells:

 Your Spells              Type           Power      Damage    Failure   Level
a - Beastly Appendage     Tmut           30%        N/A       10%         1
b - Spider Form           Tmut/Pois      6%         N/A       26%         3

Your spell library contained the following spells:

 Spells                   Type           Power      Damage    Failure   Level
 Wereblood                Tmut           15%        N/A       12%         2
 Ice Form                 Ice/Tmut       12%        N/A       58%         4
 Passage of Golubria      Tloc           N/A        N/A       71%         4
 Silence                  Hex/Air        5%         N/A       94%         5
 Lehudib's Crystal Spear  Conj/Erth      5%         10d3      100%        8


Dungeon Overview and Level Annotations

Branches:
Dungeon (6/15)             Temple (1/1) D:5

Altars:
Ashenzari
Cheibriados
Dithmenos
Fedhas
Hepliaklqana
Kikubaaqudgha
Okawaru
Qazlal
Ru
Sif Muna
Trog
Uskayaw
Wu Jian
Xom
Yredelemnul
The Shining One


Innate Abilities, Weirdness & Mutations

You are a venomous arachnid creature.
You have poisonous fangs.
You are tiny and dextrous.
Your spellcasting is less reliable in this form.
Your armour is entirely melded.
You are incapable of wielding weapons or throwing items.
((You have very sharp teeth.))
Your uncanny sense of smell can sniff out nearby items.
Your experience applies equally to all skills.


Message History

The water moccasin closely misses you.
You feel sick.
You feel sick.
You hit the water moccasin.
The water moccasin is heavily wounded.
You feel sick.
The water moccasin completely misses you.
You feel sick.
You are no longer poisoned.
The water moccasin closely misses you.
Your magical contamination has completely faded away.
You hit the water moccasin.
The water moccasin is severely wounded.
The water moccasin misses you.
You closely miss the water moccasin.
The water moccasin is severely wounded.
The water moccasin misses you. Something hits you.
* * * LOW HITPOINT WARNING * * *
The water moccasin bites you but does no damage.
You hit the water moccasin but do no damage.
The water moccasin is poisoned.
The water moccasin is severely wounded.
The water moccasin bites you.
* * * LOW HITPOINT WARNING * * *
You are lethally poisoned!
The water moccasin poisons you! Something hits you.
* * * LOW HITPOINT WARNING * * *
* * * LOW HITPOINT WARNING * * *
You feel extremely sick.
You feel better.
The water moccasin completely misses you.
The water moccasin misses you. Something hits you.
* * * LOW HITPOINT WARNING * * *
Your transformation is almost over.
You hit the water moccasin.
The water moccasin is severely wounded.
The water moccasin misses you. Something hits you.
* * * LOW HITPOINT WARNING * * *
The water moccasin bites you!
You die... #.# #.# #.# #.# #.# ♣ #.# ♣♣. #.# ♣♣.♣♣ #.# ♣♣...♣ #.# ♣PPPP♣

#.# #....# #.# ∆
##..####[#
#...##.#s########
##.###..S.......#
####..###..........#
#.#
#.......'..........#
#.#
#.#######....#######
#.# #.# #....# ∆ #.#
#.# #....# #.# #.#
#....# # #.## #.#
#....# .# ...###.#
###.## .# # .......#
#.# D#o.#


You could see a water moccasin (poisoned).

Vanquished Creatures
  Maggie (D:6)
  Edmund (D:5)
  A black bear (Temple)
  2 sky beasts
  An ice beast (D:6)
  A phantom (D:6)
  A necrophage (D:4)
  Blork the orc (D:5)
  A kobold brigand (D:6)
  A bullfrog (D:4)
  A bullfrog zombie (D:5)
  A hound (D:4)
  An orc wizard (D:6)
  A howler monkey skeleton (D:4)
  2 adders
  A shadow imp (D:6)
  A white imp (D:3)
  An ufetubus (D:4)
  An adder skeleton (D:4)
  4 worms
  5 dart slugs
  14 orcs
  4 bats
  7 endoplasms
  2 giant cockroaches
  4 goblins
  5 hobgoblins
  8 jackals
  A quokka (D:3)
  7 ball pythons
  A frilled lizard (D:3)
  14 kobolds
  6 rats
103 creatures vanquished.

Notes
Turn   | Place    | Note
-------+----------+-------------------------------------------
     0 | D:1      | om the Gnoll Transmuter began the quest for the Orb.
     0 | D:1      | Reached XP level 1. HP: 17/17 MP: 6/6
   222 | D:1      | Reached XP level 2. HP: 18/23 MP: 5/7
   348 | D:1      | You fall into a shaft and drop 1 floor!
   847 | D:1      | Reached XP level 3. HP: 23/28 MP: 7/9
   997 | D:1      | Reached skill level 5 in Spellcasting
  1536 | D:2      | Reached skill level 1 in Invocations
  1872 | D:2      | Reached skill level 1 in Short Blades
  1872 | D:2      | Reached skill level 1 in Long Blades
  1872 | D:2      | Reached skill level 1 in Axes
  1872 | D:2      | Reached skill level 1 in Maces & Flails
  1872 | D:2      | Reached skill level 1 in Polearms
  1872 | D:2      | Reached skill level 1 in Staves
  1872 | D:2      | Reached skill level 1 in Slings
  1872 | D:2      | Reached skill level 1 in Bows
  1872 | D:2      | Reached skill level 1 in Crossbows
  1872 | D:2      | Reached skill level 1 in Throwing
  1872 | D:2      | Reached skill level 1 in Armour
  1872 | D:2      | Reached skill level 1 in Stealth
  1872 | D:2      | Reached skill level 1 in Shields
  1872 | D:2      | Reached skill level 1 in Evocations
  2206 | D:2      | Reached XP level 4. HP: 34/34 MP: 9/11
  2699 | D:3      | Learned a level 3 spell: Spider Form
  3782 | D:3      | Reached skill level 1 in Conjurations
  3782 | D:3      | Reached skill level 1 in Hexes
  3782 | D:3      | Reached skill level 1 in Summonings
  3782 | D:3      | Reached skill level 1 in Necromancy
  3782 | D:3      | Reached skill level 1 in Translocations
  3782 | D:3      | Reached skill level 1 in Fire Magic
  3782 | D:3      | Reached skill level 1 in Ice Magic
  3782 | D:3      | Reached skill level 1 in Air Magic
  3782 | D:3      | Reached skill level 1 in Earth Magic
  3782 | D:3      | Reached skill level 1 in Poison Magic
  4263 | D:4      | Noticed a bullfrog
  4344 | D:4      | Reached XP level 5. HP: 32/40 MP: 12/12
  4711 | D:4      | Noticed a necrophage
  4722 | D:4      | Killed a necrophage
  4723 | D:4      | Reached XP level 6. HP: 40/47 MP: 14/14
  4848 | D:4      | Reached skill level 5 in Dodging
  5151 | D:4      | Found an ornate altar of the Wu Jian Council.
  5153 | D:4      | Found a blossoming altar of Fedhas.
  5153 | D:4      | Found an iron altar of Okawaru.
  5242 | D:4      | Found a basalt altar of Yredelemnul.
  5375 | D:5      | Entered Level 5 of the Dungeon
  5429 | D:5      | Noticed a sky beast
  5429 | D:5      | You fall into a shaft and drop 1 floor!
  5486 | D:5      | Found a staircase to the Ecumenical Temple.
  5488 | D:5      | Noticed a black bear
  5495 | Temple   | Entered the Ecumenical Temple
  5664 | Temple   | Became a worshipper of Ashenzari the Shackled
  5763 | Temple   | Killed a black bear
  5764 | Temple   | Reached XP level 7. HP: 50/52 MP: 12/15
  5771 | D:5      | Reached skill level 7 in Unarmed Combat
  5920 | D:5      | Noticed Blork the orc
  5932 | D:5      | Killed Blork the orc
  6005 | D:5      | Noticed Edmund
  6011 | D:5      | Found a faded altar of an unknown god.
  6012 | D:5      | Found a hazy altar of Hepliaklqana.
  6025 | D:5      | Killed Edmund
  6286 | D:5      | Identified the +6 falchion of the Dancing Oracle {freeze,
                  | Fragile Fly Str+7}
  6503 | D:6      | Noticed Maggie
  6527 | D:6      | Reached XP level 8. HP: 55/60 MP: 11/16
  6632 | D:6      | Killed Maggie
  7160 | D:6      | HP: 3/61 [poisoned by a water moccasin]
  7164 | D:6      | Slain by a water moccasin

Illustrated notes

Levels and vault maps discovered:
D:1:      dpeg_arrival_pits, layout_loops_cross, minmay_unequal
D:2:      layout_basic
D:3:      layout_loops_corners, bh_walls_and_bars
D:4:      layout_basic, nicolae_overflow_quartered_altars,
          minmay_misc_feat_rugged, roderic_lattice_a
D:5:      layout_rooms, beargit_hepliaklqana_dungeon_heroes,
          minmay_temple_entry_statues, kennysheep_generic_room_11,
          uniq_blork_the_orc
D:6:      layout_basic, minmay_increasing_density, uniq_maggie,
          uniq_crazy_yiuf_cottage
Temple:   minmay_temple_curvy_loop

Skill      XL: |  1  2  3  4  5  6  7  8 |
---------------+-------------------------+-----
Spellcasting   | 5 6 |  6.1
Invocations    | 1 2 3 |  3.8
Short Blades   | 1 2 3 |  3.4
Long Blades    | 1 2 3 |  3.4
Axes           | 1 2 3 |  3.4
Maces & Flails | 1 2 3 |  3.4
Polearms       | 1 2 3 |  3.4
Staves         | 1 2 3 |  3.4
Slings         | 1 2 3 |  3.4
Bows           | 1 2 3 |  3.4
Crossbows      | 1 2 3 |  3.4
Throwing       | 1 2 3 |  3.4
Armour         | 1 2 3 |  3.4
Stealth        | 1 2 3 |  3.4
Shields        | 1 2 3 |  3.4
Evocations     | 1 2 3 |  3.4
Conjurations   | 1 2 |  2.8
Hexes          | 1 2 |  2.8
Summonings     | 1 2 |  2.8
Necromancy     | 1 2 |  2.8
Translocations | 1 2 |  2.8
Fire Magic     | 1 2 |  2.8
Ice Magic      | 1 2 |  2.8
Air Magic      | 1 2 |  2.8
Earth Magic    | 1 2 |  2.8
Poison Magic   | 1 2 |  2.8
Fighting       | 3 4 |  4.3
Transmutations | 4 |  4.8
Dodging        | 5 |  5.8
Unarmed Combat | 7 |  7.4

Action                   |  1- 3 |  4- 6 |  7- 9 || total
-------------------------+-------+-------+-------++-------
Melee: Unarmed           |     8 |     5 |    85 ||    98
       Dagger            |   113 |   148 |    12 ||   273
       Headbutt          |    19 |     8 |       ||    27
       Kick              |    17 |    16 |       ||    33
       Bite              |    12 |    10 |     1 ||    23
       Punch             |     4 |     9 |       ||    13
 Cast: Beastly Appendage |    30 |    16 |       ||    46
       Spider Form       |       |     1 |    13 ||    14
  Use: Scroll            |     5 |     5 |       ||    10
       Potion            |       |     1 |     1 ||     2
 Stab: Sleeping          |     2 |     5 |     1 ||     8
       Distracted        |       |       |     1 ||     1
Armor: Robe              |    43 |    37 |     2 ||    82
       Skin              |       |       |     2 ||     2
Dodge: Dodged            |    99 |    98 |    76 ||   273
